 Seeded DCSS version 0.30.1-11-g7821555f0a (webtiles) character file.

Game seed: 5 (custom seed)

39829 Kazon the Blocker (level 14, -3/84 HPs)
             Began as a Gargoyle Fighter on Nov 26, 2023.
             Was a High Priest of Okawaru.
             Slain by a spriggan rider
             ... wielding a +0 spear
              (13 damage)
             ... on level 5 of the Lair of Beasts on Nov 28, 2023.
             The game lasted 01:18:53 (12600 turns).

Kazon the Blocker (Gargoyle Fighter)               Turns: 12600, Time: 01:18:55

Health: -3/84      AC: 49    Str: 22    XL:     14   Next: 8%
Magic:  0/21       EV:  6    Int: 10    God:    Okawaru [*****.]
Gold:   884        SH: 18    Dex: 17    Spells: 13/13 levels left

rFire   . . .        f - +1 hand axe (flame)
rCold   . . .        c - +0 tower shield
rNeg    + . .        e - +15 Maxwell's patent armour {-Cast -Tele rElec Will+ rCorr}
rPois   ∞            b - +1 helmet
rElec   +            J - +0 cloak
rCorr   +            n - +0 pair of gloves
SInv    .            (no boots)
Will    ++...        C - amulet of guardian spirit Stlth
                     O - +4 ring of protection
HPRegen 0.34/turn    y - +6 ring of dexterity
MPRegen 0.17/turn

%: no teleportation, no spellcasting, guardian spirit
@: flying, slowed, very slow
A: sickness immunity, AC +10, big wings, negative energy resistance 1,
electricity resistance, torment resistance 1, petrification resistance
a: Renounce Religion, Heroism, Finesse, Duel


You were on level 5 of the Lair of Beasts.
You worshipped Okawaru.
Okawaru was extremely pleased with you.
You visited 3 branches of the dungeon, and saw 16 of its levels.
You also visited: Ossuary.

You collected 1026 gold pieces.
You spent 142 gold pieces at shops.

Inventory:

Hand Weapons
 f - a +1 hand axe of flaming (weapon)
 h - a +0 whip of holy wrath
 q - a +1 demon whip of venom
 v - a +0 vampiric war axe
 w - the +2 sling "Qeuhanocyt" {speed, rElec Str-3 Dex+2}
   (You found it on level 3 of the Dungeon)

   Str:       It affects your strength (-3).
   Dex:       It affects your dexterity (+2).
   rElec:     It insulates you from electricity.
Missiles
 j - 20 boomerangs
 l - 10 stones (quivered)
 o - 21 poisoned darts
 r - 2 silver javelins
 N - 2 atropa-tipped darts
 S - 2 throwing nets
 U - 6 javelins
 W - 4 silver boomerangs
Armour
 b - a +1 helmet (worn)
 c - a +0 tower shield (worn)
 e - the +15 Maxwell's patent armour (worn) {-Cast -Tele rElec Will+ rCorr}
   (You acquired it on level 1 of the Dungeon)

   rElec:     It insulates you from electricity.
   -Cast:     It prevents spellcasting.
   -Tele:     It prevents most forms of teleportation.
   rCorr:     It protects you from acid and corrosion.
   Will:      It increases your willpower.
 n - a +0 pair of gloves (worn)
 J - a +0 cloak (worn)
Jewellery
 y - a +6 ring of dexterity (right hand)
 C - an amulet of guardian spirit (around neck)
 H - a ring of protection from fire
 O - a +4 ring of protection (left hand)
 X - a ring of fire
Wands
 x - a wand of paralysis (24)
 Q - a wand of digging (7)
 R - a wand of light (8)
 Y - a wand of flame (4)
Scrolls
 g - 3 scrolls of fog {unknown}
 i - 6 scrolls of identify
 m - 2 scrolls of magic mapping {unknown}
 p - 4 scrolls of blinking {unknown}
 z - a scroll of torment {unknown}
 E - a scroll of poison {unknown}
 F - a scroll of amnesia {unknown}
 G - 3 scrolls of enchant armour {unknown}
 L - 2 scrolls of fear {unknown}
 M - 2 scrolls of enchant weapon {unknown}
 T - a scroll of silence {unknown}
 V - 4 scrolls of teleportation
Potions
 a - a potion of ambrosia {unknown}
 d - 3 potions of might
 k - 7 potions of curing
 s - 7 potions of flight
 t - 2 potions of berserk rage
 u - 3 potions of invisibility
 A - 2 potions of heal wounds
 B - 3 potions of lignification
 D - 6 potions of attraction {unknown}
 I - a potion of resistance {unknown}
 K - 3 potions of brilliance {unknown}
 P - 2 potions of cancellation {unknown}
Miscellaneous
 Z - a phial of floods (inert)


   Skills:
 * Level 8.3 Fighting
 + Level 9.3(10.1) Axes
 + Level 6.6(9.3) Maces & Flails
 + Level 2.9 Ranged Weapons
 * Level 5.0 Throwing
 * Level 10.0 Armour
 + Level 1.7 Dodging
 + Level 1.9 Stealth
 + Level 11.7 Shields
 * Level 10.5 Invocations
 * Level 7.9 Evocations


You had 13 spell levels left.
You didn't know any spells.
Your spell library contained the following spells:

 Spells                   Type           Power      Damage    Failure   Level
 Static Discharge         Conj/Air       0%         2-2/arc   100%        2
 Frozen Ramparts          Ice            0%         1d1       100%        3
 Ignite Poison            Fire/Tmut/Pois 0%         N/A       100%        3
 Airstrike                Air            0%         2d(0-16)  100%        4
 Ice Form                 Ice/Tmut       0%         N/A       100%        4
 Leda's Liquefaction      Hex/Erth       0%         N/A       100%        4
 Sticky Flame             Conj/Fire      0%         2d3       100%        4
 Alistair's Intoxication  Tmut/Pois      0%         N/A       100%        5
 Borgnjor's Vile Clutch   Necr/Erth      0%         N/A       100%        5
 Lee's Rapid Deconstruct  Erth           0%         3d4*      100%        5
 Conjure Ball Lightning   Conj/Air       0%         3x3d6     100%        6
 Eringya's Noxious Bog    Tmut/Pois      0%         N/A       100%        6
 Discord                  Hex            0%         N/A       100%        8
 Disjunction              Tloc           0%         N/A       100%        8
 Ignition                 Fire           0%         3d3       100%        8
 Summon Ice Beast         Ice/Summ       Unusable   N/A       N/A         4
 Summon Lightning Spire   Summ/Air       Unusable   N/A       N/A         4
 Summon Forest            Summ/Tloc      Unusable   N/A       N/A         5
 Statue Form              Tmut/Erth      Unusable   N/A       N/A         6
 Summon Hydra             Summ           Unusable   N/A       N/A         7

Dungeon Overview and Level Annotations

Branches:
Dungeon (10/15)            Temple (1/1) D:4            Lair (5/5) D:8
  Swamp (0/4) Lair:3        Snake (0/4) Lair:3      Ossuary (visited)
  Slime: Lair:4-5       Orc: D:9-12

Altars:
Dithmenos
Fedhas
Gozag
Hepliaklqana
Okawaru
Qazlal
Trog
Uskayaw
Wu Jian
Xom
The Shining One

Shops:
D:8 *


Innate Abilities, Weirdness & Mutations

You are immune to sickness and miasma.
Your stone body is resilient. (AC +10)
You are immune to poison.
Your large and strong wings let you fly.
You resist negative energy. (rN+)
You are resistant to electric shocks. (rElec)
You are resistant to unholy torment.
You are immune to petrification.


Message History

* * * LOW HITPOINT WARNING * * *
The spriggan rider hits you but does no damage.
You block the spriggan rider's attack.
You feel the dreadful sensation subside.
Your +1 hand axe of flaming bursts into flame!
f - a +1 hand axe of flaming (weapon)
You block something's attack. You block the death yak's attack.
The torpor snail bites you but does no damage.
Aim the phial where?
Press: ? - help, Shift-Dir - straight line The wave splashes down.
The death yak is engulfed in water. x2
The spriggan rider is engulfed in water.
The wolf is engulfed in water. x2
The spriggan rider is engulfed in water.
You hear an angry growl.
You hear a shout!
Something hits you but does no damage.
The five-headed hydra bites you but does no damage. x2
You block the five-headed hydra's attack. x2
The five-headed hydra bites you but does no damage.
The spriggan rider hits you but does no damage.
You block the spriggan rider's attack. The death yak completely misses you.
A boggart comes into view.
The five-headed hydra bites you.
* * * LOW HITPOINT WARNING * * *
The five-headed hydra bites you but does no damage. x4
Something hits you but does no damage.
The spriggan rider hits you but does no damage.
The torpor snail bites you.
* * * LOW HITPOINT WARNING * * *
The spriggan rider hits you with a +0 spear.
* * * LOW HITPOINT WARNING * * *
Unknown command.
The death yak attacks as you move away! You block the death yak's attack.
The five-headed hydra bites you but does no damage.
You block the five-headed hydra's attack.
The five-headed hydra bites you but does no damage. x2
You block the five-headed hydra's attack.
You block the spriggan rider's attack.
The spriggan rider hits you with a +0 spear!
You die...

...♣♣ ♣..♣♣♣♣♣ ♣g....♣♣
♣♣Fh....# ♣hFYh..####♣
♣♣♣♣hyYh...†..#♣♣♣
♣♣♣♣♣~{ihYh##†.†#..#.♣♣♣
♣...hwYDiyY###..........
......Y#~@#i##
#######....
...###.###### ##.... #
## ####..... ###.##..)..
#P....#.... ##.........
###.........
##.#.......P.
###.#..........


You could see a death yak (summoned, waterlogged), a five-headed hydra, 4
elephants, 2 spriggan riders, a torpor snail (summoned), 3 polar bears, 2 cane
toads, 2 hornets, 5 wolves and a boggart.

Vanquished Creatures
  5 hydras
  A two-headed ogre (D:7)
  A boulder beetle (Lair:3)
  3 death yaks (Lair:2)
  A skyshark (Lair:4)
  Amaemon (Lair:1)
  8 elephants
  Maurice (D:9)
  5 black mambas
  13 cane toads
  An orange demon (Lair:2)
  8 komodo dragons
  4 polar bears
  3 hornets
  5 blink frogs
  8 spriggans (Lair:5)
  2 shadows (D:9)
  2 vampires (D:9)
  Sigmund (D:4)
  8 wyverns
  27 yaks
  6 basilisks
  3 steam dragons
  2 swamp worms (Lair:3)
  Duvessa (D:6)
  18 water moccasins
  An ice beast (D:8)
  An orc warrior (D:9)
  A sky beast (D:7)
  6 black bears
  41 wolves
  5 centaurs
  2 boggarts (Lair:5)
  2 ogres
  An elf zombie (Ossuary)
  2 kobold brigands
  12 bullfrogs
  A gnoll sergeant (D:8)
  3 scorpions
  20 wights
  8 killer bees
  Dowan (D:6)
  4 howler monkeys
  A vampire bat (D:7)
  2 electric eels
  6 hounds
  A wyvern simulacrum (D:8)
  A centaur zombie (Ossuary)
  5 orc priests
  3 human zombies (Ossuary)
  A jelly (D:5)
  6 iguanas
  9 orc wizards
  4 ogre zombies (Ossuary)
  A centaur simulacrum (D:8)
  7 mummies (Ossuary)
  11 gnolls
  9 adders
  A shadow imp (D:8)
  A white imp (D:7)
  2 ufetubi
  A worm zombie (D:7)
  2 adder zombies (Ossuary)
  3 worms
  26 orcs
  12 bats
  8 endoplasms
  A giant cockroach (D:1)
  12 goblins
  7 hobgoblins
  11 jackals
  15 kobolds
  3 quokkas (D:4)
  5 ball pythons
  3 frilled lizards
  4 goblin zombies (Ossuary)
  6 hobgoblin zombies
  3 kobold zombies
  4 quokka zombies (Ossuary)
  3 rats
  4 rat zombies (Ossuary)
453 creatures vanquished.

Vanquished Creatures (others)
  An orc wizard (D:10)
1 creature vanquished.

Grand Total: 454 creatures vanquished

Notes
Turn   | Place    | Note
-------+----------+-------------------------------------------
     0 | D:1      | Kazon the Gargoyle Fighter began the quest for the Orb.
     0 | D:1      | Reached XP level 1. HP: 14/14 MP: 1/1
    51 | D:1      | Identified a scroll of acquirement
    51 | D:1      | Acquired the +15 Maxwell's patent armour {-Cast -Tele rElec
                  | Will+ rCorr}
    51 | D:1      | Found the +15 Maxwell's patent armour {-Cast -Tele rElec
                  | Will+ rCorr}
    75 | D:1      | Reached XP level 2. HP: 19/19 MP: 2/2
   316 | D:1      | Reached XP level 3. HP: 23/23 MP: 3/3
   937 | D:2      | Reached XP level 4. HP: 29/29 MP: 4/4
   941 | D:2      | Reached skill level 4 in Shields
   966 | D:2      | Reached skill level 1 in Throwing
  1657 | D:3      | Found a blossoming altar of Fedhas.
  1743 | D:3      | Reached XP level 5. HP: 33/33 MP: 5/5
  1793 | D:3      | Found a stormy altar of Qazlal.
  1916 | D:3      | Found a faded altar of an unknown god.
  1937 | D:3      | Identified the +2 sling "Qeuhanocyt" {speed, rElec Str-3
                  | Dex+2}
  2004 | D:4      | Found a staircase to the Ecumenical Temple.
  2012 | Temple   | Entered the Ecumenical Temple
  2026 | Temple   | Became a worshipper of Warmaster Okawaru
  2120 | D:4      | Found a hazy altar of Hepliaklqana.
  2122 | D:4      | Found a shadowy altar of Dithmenos.
  2123 | D:4      | Noticed a shadow
  2135 | D:4      | Noticed a black bear
  2160 | D:4      | Killed a black bear
  2172 | D:4      | Noticed Sigmund
  2194 | D:4      | Killed Sigmund
  2194 | D:4      | Reached * piety under Okawaru
  2195 | D:4      | Reached skill level 1 in Axes
  2195 | D:4      | Reached skill level 1 in Invocations
  2195 | D:4      | Reached skill level 1 in Evocations
  2195 | D:4      | Reached XP level 6. HP: 24/38 MP: 7/7
  2577 | D:4      | Reached skill level 5 in Shields
  2577 | D:4      | Reached XP level 7. HP: 39/43 MP: 8/8
  2831 | D:4      | Reached ** piety under Okawaru
  2832 | D:4      | Reached skill level 1 in Ranged Weapons
  2913 | D:5      | Entered Level 5 of the Dungeon
  3140 | D:5      | Reached XP level 8. HP: 47/48 MP: 10/10
  3413 | D:6      | Noticed Dowan
  3414 | D:6      | Noticed Duvessa
  3433 | D:6      | Killed Duvessa
  3442 | D:6      | Killed Dowan
  3611 | D:6      | HP: 1/48 [orc priest/divine providence (13)]
  3616 | D:6      | HP: 2/48 [orc priest/divine providence (10)]
  3621 | D:6      | Reached skill level 6 in Shields
  3636 | D:6      | Found a shimmering altar of Xom.
  3780 | D:6      | Reached *** piety under Okawaru
  3870 | D:6      | Reached skill level 5 in Invocations
  3917 | D:7      | Reached XP level 9. HP: 48/52 MP: 12/12
  4140 | D:7      | Reached **** piety under Okawaru
  4161 | D:7      | Found a sand-covered staircase.
  4183 | Ossuary  | Entered an ossuary
  4420 | Ossuary  | Reached skill level 1 in Dodging
  4468 | Ossuary  | Reached skill level 7 in Shields
  4750 | D:7      | Reached skill level 5 in Fighting
  4769 | D:7      | Noticed a two-headed ogre
  4791 | D:7      | Killed a two-headed ogre
  4792 | D:7      | Reached XP level 10. HP: 57/59 MP: 14/14
  4864 | D:7      | Received a gift from Okawaru
  5427 | D:8      | Reached skill level 5 in Armour
  5473 | D:8      | Reached ***** piety under Okawaru
  5600 | D:8      | Reached skill level 5 in Axes
  5600 | D:8      | Reached skill level 8 in Shields
  5644 | D:8      | Found a staircase to the Lair.
  5674 | D:8      | Received a gift from Okawaru
  5875 | D:8      | Found Izo Qiri's Assorted Antiques.
  5884 | D:8      | Bought a sedimented brown potion for 26 gold pieces
  5884 | D:8      | Bought a curved iron wand for 116 gold pieces
  6347 | D:8      | Reached XP level 11. HP: 57/64 MP: 14/16
  7301 | D:9      | Reached skill level 5 in Evocations
  7641 | D:9      | Reached skill level 9 in Shields
  7714 | D:9      | Noticed Maurice
  7758 | D:9      | Killed Maurice
  7818 | D:9      | Reached skill level 1 in Stealth
  8246 | D:10     | Entered Level 10 of the Dungeon
  8503 | Lair:1   | Entered Level 1 of the Lair of Beasts
  8706 | Lair:1   | Received a gift from Okawaru
  8948 | Lair:1   | Identified the +0 chain mail "Seubbam" {rC- Will+ rCorr
                  | Slay+6} (Okawaru gifted it to you on level 1 of the Lair of
                  | Beasts)
  8948 | Lair:1   | Received a gift from Okawaru
  8951 | Lair:1   | Reached XP level 12. HP: 71/71 MP: 14/18
  9118 | Lair:1   | Reached skill level 10 in Shields
  9288 | Lair:2   | Noticed Amaemon
  9324 | Lair:1   | Killed Amaemon
  9361 | Lair:2   | Noticed a death yak
  9361 | Lair:2   | Noticed a death yak
  9362 | Lair:2   | Noticed a death yak
  9394 | Lair:2   | Killed a death yak
  9399 | Lair:2   | Killed a death yak
  9403 | Lair:2   | Killed a death yak
  9526 | Lair:2   | Noticed a five-headed hydra
  9537 | Lair:2   | Killed a one-headed hydra
  9888 | Lair:2   | Found an ornate altar of the Wu Jian Council.
 10241 | Lair:3   | Noticed a boulder beetle
 10289 | Lair:3   | Killed a boulder beetle
 10290 | Lair:3   | Reached skill level 5 in Maces & Flails
 10304 | Lair:3   | Found a staircase to the Snake Pit.
 10416 | Lair:3   | Reached XP level 13. HP: 76/76 MP: 16/20
 10444 | Lair:3   | Found a staircase to the Swamp.
 10444 | Lair:3   | Found the +10 zealot's sword {holy, Zealotry, *Rage rN+
                  | EV+3}
 10576 | Lair:3   | Received a gift from Okawaru
 10926 | Lair:3   | Reached skill level 11 in Shields
 10926 | Lair:3   | Reached skill level 10 in Invocations
 11515 | Lair:4   | Received a gift from Okawaru
 11988 | Lair:4   | Identified the +1 ring mail "Qeibb" {Int+3} (Okawaru gifted
                  | it to you on level 4 of the Lair of Beasts)
 11988 | Lair:4   | Received a gift from Okawaru
 12108 | Lair:5   | Entered Level 5 of the Lair of Beasts
 12562 | Lair:5   | Reached skill level 5 in Throwing
 12562 | Lair:5   | Gained mutation: Your large and strong wings let you fly.
                  | [Gargoyle growth]
 12562 | Lair:5   | Reached XP level 14. HP: 35/84 MP: 4/21
 12583 | Lair:5   | Reached skill level 10 in Armour
 12600 | Lair:5   | Slain by a spriggan rider

Illustrated notes

Levels and vault maps discovered:
D:1:      ebering_trefoil_3fold, layout_basic, st_stairs_14, serial_bayou_ford_a
D:2:      layout_basic, hangedman_decor_growths, minmay_close_crescents
D:3:      layout_rooms, mainiacjoe_overflow_concentric_impassable,
          mainiacjoe_overflow_paths, shapermc_ecumenical_altar_acropolis,
          chequers_serial_rivers_micro_b
D:4:      layout_basic, riverfiend_overflow_shadow_ancestor,
          minmay_temple_entry_glass, uniq_sigmund
D:5:      layout_gridville
D:6:      layout_basic, xom_teletrap_fun, uniq_duvessa
D:7:      layout_loops_ring, enter_ossuary_3, roderic_batcave
D:8:      layout_layer_cave, minmay_lair_entry_grove, serial_shops,
          nicolae_lakefront_shop, serial_ice, serial_ice_o, serial_ice_d,
          serial_ice_k, serial_ice_a
D:9:      layout_loops_ring, nicolae_wwwww, uniq_maurice
D:10:     layout_irregular_city, led_sif_pool, uniq_snorg
Temple:   nicolae_temple_elliptical
Lair:1:   layout_big_grid, serial_bayou_pond_a
Lair:2:   layout_gridlike, basic_altar, uniq_amaemon
Lair:3:   layout_small_grid, swamp_mist, minmay_snake_entry_six_corridors,
          worms_lemuel, serial_bayou_shore_a
Lair:4:   layout_gridlike, nzn_random_ring, infiniplex_staircase_pool_2
Lair:5:   minmay_lair_end_enchanted_forest, layout_misc_corridors,
          dpeg_slime_entry_enclosed

Skill      XL: |  1  2  3  4  5  6  7  8  9 10 11 12 13 14 |
---------------+-------------------------------------------+-----
Shields        | 4 5 6 7 8 9 10 11 | 11.7
Throwing       | 1 2 3 5 |  5.0
Armour         | 4 6 7 8 9 10 | 10.0
Maces & Flails | 3 4 5 6 |  6.6
Fighting       | 4 5 6 7 8 |  8.3
Axes           | 1 2 3 4 5 6 8 9 |  9.3
Invocations    | 1 3 5 6 7 9 10 | 10.5
Evocations     | 1 2 3 4 5 7 |  7.9
Ranged Weapons | 1 2 |  2.9
Dodging        | 1 |  1.7
Stealth        | 1 |  1.9

Action                     |  1- 3 |  4- 6 |  7- 9 | 10-12 | 13-15 || total
---------------------------+-------+-------+-------+-------+-------++-------
  Melee: Flail             |   111 |   111 |       |       |       ||   222
         Hand axe          |       |    81 |   437 |   994 |    42 ||  1554
         Whip              |       |       |   208 |   228 |       ||   436
         War axe           |       |       |       |   439 |   228 ||   667
         Demon whip        |       |       |       |    68 |   249 ||   317
   Fire: Sling             |       |     8 |    33 |    22 |       ||    63
  Throw: Stone             |       |    12 |    25 |    39 |    65 ||   141
         Dart              |       |       |    12 |    24 |       ||    36
         Boomerang         |       |       |     8 |    17 |       ||    25
         Javelin           |       |       |       |     1 |     5 ||     6
 Invoke: Heroism           |       |       |     2 |     7 |     1 ||    10
         Finesse           |       |       |       |     4 |     1 ||     5
  Evoke: Wand              |       |       |       |     3 |       ||     3
         Phial of floods   |       |       |       |       |     1 ||     1
    Use: Scroll            |     2 |     1 |     1 |     2 |     2 ||     8
         Potion            |     1 |       |     3 |     1 |     2 ||     7
   Stab: Paralysed         |       |       |       |    20 |       ||    20
         Invisible         |       |       |       |     1 |       ||     1
 Armour: Scale mail        |    22 |       |       |       |       ||    22
         Plate armour      |    49 |   154 |   320 |  1205 |   418 ||  2146
  Dodge: Dodged            |    22 |    27 |    57 |   287 |   105 ||   498
  Block: Buckler           |    12 |       |       |       |       ||    12
         Tower shield      |    39 |   156 |   482 |  1665 |   566 ||  2908
